 Dungeon Crawl Stone Soup version 0.32-a0-918-g0f22ef8d61 (webtiles) character file.

Game seed: 6385103819023698110

82 innerfire43 the Cudgeller (level 4, 0/34 HPs)
             Began as a Demonspawn Wanderer on Apr 10, 2024.
             Slain by an ufetubus (2 damage)
             ... on level 4 of the Dungeon.
             The game lasted 00:02:26 (1786 turns).

innerfire43 the Cudgeller (Demonspawn Wanderer)     Turns: 1786, Time: 00:02:26

Health: 0/34       AC:  4    Str: 14    XL:     4   Next: 21%
Magic:  5/5        EV: 10    Int: 12    God:
Gold:   97         SH:  0    Dex: 13    Spells: 4/5 levels left

rFire   + . .        a - +2 mace
rCold   . . .        (no shield)
rNeg    . . .        d - +0 leather armour
rPois   .            (no helmet)
rElec   .            (no cloak)
rCorr   .            r - +0 pair of gloves
SInv    .            (no boots)
Will    .....        (no amulet)
Stlth   +            i - ring of fire
HPRegen 0.25/turn    l - ring of protection from cold
MPRegen 0.09/turn

%: no passive effects
@: no status effects
A: hooves 2, demonic touch 1
a: no special abilities


You were on level 4 of the Dungeon.
You visited 1 branch of the dungeon, and saw 4 of its levels.

You collected 97 gold pieces.

Inventory:

Hand Weapons
 a - a +2 mace (weapon)
Armour
 d - a +0 leather armour (worn)
 g - an orb of mayhem
 n - an orb of energy
 r - a +0 pair of gloves (worn)
Jewellery
 i - a ring of fire (left hand)
 l - a ring of protection from cold (right hand)
 p - an amulet of magic regeneration
Wands
 b - a wand of flame (4)
Scrolls
 h - 2 scrolls of torment {unknown}
 j - a scroll of fog {unknown}
 k - a scroll of noise {unknown}
 o - a scroll of enchant armour {unknown}
 q - a scroll of identify {unknown}
Potions
 c - a potion of brilliance {unknown}
 e - a potion of haste {unknown}
 f - 5 potions of degeneration {unknown}
 m - a potion of lignification {unknown}
 s - a potion of ambrosia {unknown}


   Skills:
 + Level 2.8 Fighting
 * Level 3.8 Maces & Flails
 + Level 1.4 Armour
 - Level 1.0 Stealth
 - Level 1.0 Spellcasting
 - Level 2.1 Necromancy
 - Level 1.0 Evocations


You had 4 spell levels left.
You knew the following spells:

 Your Spells              Type           Power      Damage    Failure   Level
a - Kiss of Death         Conj/Necr      12%        2d6       24%         1

Your spell library contained the following spells:

 Spells                   Type           Power      Damage    Failure   Level
 Fugue of the Fallen      Necr           5%         N/A       41%         3


Dungeon Overview and Level Annotations

Branches:
Dungeon (4/15)
 Temple: D:4-7

Altars:


Innate Abilities, Weirdness & Mutations

You have hoof-like feet.
Your touch may inflict minor irresistible damage on your foes.


Message History

A gnoll bouda comes into view. It is wielding a +0 whip.
The ufetubus hits you. The ufetubus closely misses you.
The ufetubus barely misses you.
The ufetubus hits you but does no damage.
You hit the ufetubus. Your kick misses the ufetubus.
The ufetubus is heavily wounded.
The ufetubus hits you but does no damage.
The ufetubus hits you. The ufetubus closely misses you.
The ufetubus completely misses you.
The gnoll bouda barks out a call to the hunt!
The ufetubus closely misses you. The ufetubus misses you.
The ufetubus hits you but does no damage.
The ufetubus hits you.
You hear a shout! x2
You hear a shout!
The ufetubus closely misses you. The ufetubus hits you.
The ufetubus attacks as it pursues you! The ufetubus hits you.
The ufetubus hits you but does no damage.
You closely miss the ufetubus.
The ufetubus is heavily wounded.
The ufetubus slips past you! The ufetubus hits you.
The ufetubus barely misses you. The ufetubus closely misses you.
The ufetubus barely misses you.
You sock the ufetubus!
The ufetubus is severely wounded.
The ufetubus completely misses you. The ufetubus closely misses you.
The ufetubus hits you. The ufetubus closely misses you.
The ufetubus barely misses you. The ufetubus hits you.
* * * LOW HITPOINT WARNING * * *
The ufetubus barely misses you. The ufetubus hits you.
* * * LOW HITPOINT WARNING * * *
You miss the ufetubus.
The ufetubus is heavily wounded.
The ufetubus misses you. The ufetubus hits you.
* * * LOW HITPOINT WARNING * * *
The ufetubus hits you.
* * * LOW HITPOINT WARNING * * *
The ufetubus hits you but does no damage.
The ufetubus hits you.
You die...

#.## .... # ..#?#.. #.
..#.#.. #.### ... ...
###.... #.# #.# ### #
...../.#####.# #.# ... .
........g5@5.# #.# #.# #
...#...###..###.####.#####
#.#.............#.##.<.
#..!...##.#.#####.#.##.##
...>..####.#.#####.#.#...#
...$... #.#.##..<.....#..
#####.. ..#.##.##.###...#
#.. ###.## #.# ##### #..
#.. ..#


You could see a gnoll bouda and 2 ufetubi.

Vanquished Creatures
  2 adders
  4 dart slugs
  A ribbon worm (D:2)
  4 orcs (D:3)
  3 bats
  4 endoplasms
  4 giant cockroaches
  5 goblins (D:2)
  2 hobgoblins (D:2)
  3 quokkas
  6 ball pythons
  A frilled lizard (D:2)
  3 kobolds
  5 rats
47 creatures vanquished.

Notes
Turn   | Place    | Note
-------+----------+-------------------------------------------
     0 | D:1      | innerfire43 the Demonspawn Wanderer began the quest for the
                  | Orb.
     0 | D:1      | innerfire43 set off with the following items: a +2 mace, a
                  | wand of flame (4), a potion of curing, a +0 leather armour;
                  | and the following spell memorised: Kiss of Death; and the
                  | following spells available to memorise: Fugue of the
                  | Fallen.
     0 | D:1      | Reached XP level 1. HP: 16/16 MP: 2/2
   211 | D:1      | Reached skill level 3 in Maces & Flails
   256 | D:1      | Discovered your monstrous ancestry.
   256 | D:1      | Gained mutation: You have large cloven feet. [demonic
                  | ancestry]
   256 | D:1      | Reached XP level 2. HP: 21/22 MP: 3/3
   261 | D:1      | Found a faded altar of an unknown god.
   780 | D:2      | Reached skill level 1 in Armour
   782 | D:2      | Gained mutation: Your touch may inflict minor irresistible
                  | damage on your foes. [demonic ancestry]
   782 | D:2      | Reached XP level 3. HP: 16/28 MP: 4/4
  1499 | D:3      | Gained mutation: You have hoof-like feet. [demonic
                  | ancestry]
  1499 | D:3      | Reached XP level 4. HP: 13/34 MP: 5/5
  1786 | D:4      | Slain by an ufetubus

Illustrated notes

Levels and vault maps discovered:
D:1:      minmay_arrival_four_circles, layout_basic,
          ebering_ecumenical_altar_hall
D:2:      layout_basic, corexii_corridor_pit
D:3:      layout_rooms
D:4:      layout_loops_cross, grunt_gozag_breadcrumbs, minmay_temple_entry_hall,
          serial_shops, kennysheep_mini, chequers_jeans, uniq_blork_the_orc

Skill      XL: |  1  2 |
---------------+-------+-----
Maces & Flails | 3 |  3.8
Armour         | 1 |  1.4
Fighting       | |  2.8
Stealth        | |  1.0
Spellcasting   | |  1.0
Necromancy     | |  2.1
Evocations     | |  1.0

Action                     |  1- 3 |  4- 6 || total
---------------------------+-------+-------++-------
  Melee: Mace              |    97 |    17 ||   114
         Kick              |    13 |     2 ||    15
         Touch             |    10 |       ||    10
    Use: Potion            |       |     1 ||     1
   Stab: Sleeping          |     2 |       ||     2
 Armour: Leather armour    |    65 |    27 ||    92
  Dodge: Dodged            |    50 |    35 ||    85

Table legend: (Time is in decaauts)
 A = Elapsed time spent in this place.
 B = Non-inter-level travel time spent in this place.
 C = Inter-level travel time spent in this place.
 D = Time resting spent in this place.
 E = Time spent auto-exploring this place.
 F = Levels seen in this place.
 G = Mean time per level.
                   A        B        C        D        E       F      G
               +--------+--------+--------+--------+--------+-----+--------+
         Total |   1811 |   1783 |     28 |      0 |   1360 |   4 |  452.8 |
       Dungeon |   1811 |   1783 |     28 |      0 |   1360 |   4 |  452.8 |
               +--------+--------+--------+--------+--------+-----+--------+

Top non-repeatable levels by time:
     D:1: 694 daAuts
     D:2: 625 daAuts
     D:3: 438 daAuts
     D:4: 53 daAuts
